 Dungeon Crawl Stone Soup version 0.30.0-5-g1a98f26d00 (webtiles) character file.

Game seed: 10530290105584848093

496 zlionsfan the Digger (level 6, -17/50 HPs)
             Began as a Draconian Earth Elementalist on May 11, 2023.
             Killed from afar by a steam dragon (22 damage)
             ... with a ball of steam
             ... on level 5 of the Dungeon.
             The game lasted 00:14:49 (3880 turns).

zlionsfan the Digger (Draconian Earth Elementalist) Turns: 3880, Time: 00:14:49

Health: -17/50     AC:  6    Str: 11    XL:     6   Next: 93%
Magic:  11/12      EV: 12    Int: 17    God:
Gold:   212        SH:  0    Dex: 11    Spells: 9/13 levels left

rFire   . . .        n - +2 hand axe (heavy)
rCold   . . .        (no shield)
rNeg    . . .        (body armour unavailable)
rPois   .            (helmet restricted)
rElec   .            (no cloak)
rCorr   .            (no gloves)
SInv    .            (no boots)
Will    .....        (no amulet)
Stlth   ++           (no ring)
HPRegen 0.28/turn    (no ring)
MPRegen 0.13/turn

%: no passive effects
@: no status effects
A: AC +6, unfitting armour, cold-blooded
a: no special abilities


You were on level 5 of the Dungeon.
You visited 1 branch of the dungeon, and saw 5 of its levels.

You collected 212 gold pieces.

Inventory:

Hand Weapons
 i - a +0 short sword
 n - a +2 heavy hand axe (weapon)
Missiles
 q - a throwing net
Magical Staves
 j - a staff of conjuration
Scrolls
 d - a scroll of blinking
 e - 2 scrolls of poison
 f - a scroll of identify
 h - a scroll of noise {unknown}
 l - 2 scrolls of teleportation {unknown}
 m - a scroll of magic mapping {unknown}
 o - 2 scrolls of immolation {unknown}
Potions
 a - a potion of magic
 b - a potion of brilliance {unknown}
 c - a potion of lignification
 g - 2 potions of haste
 k - a potion of berserk rage {unknown}
 p - a potion of resistance {unknown}


   Skills:
 * Level 2.6 Fighting
 + Level 0.1 Short Blades
 + Level 1.2 Axes
 + Level 1.5 Staves
 + Level 2.3 Dodging
 + Level 2.1 Stealth
 * Level 4.0 Spellcasting
 * Level 1.2 Conjurations
 + Level 1.0 Transmutations
 * Level 5.0 Earth Magic


You had 9 spell levels left.
You knew the following spells:

 Your Spells              Type           Power      Damage    Failure   Level
a - Sandblast             Erth           40%        2d10      1%          1
b - Passwall              Tmut/Erth      10%        N/A       7%          2
c - Sting                 Tmut/Pois      20%        1d4       13%         1

Your spell library contained the following spells:

 Spells                   Type           Power      Damage    Failure   Level
 Magic Dart               Conj           28%        1d4       10%         1
 Beastly Appendage        Tmut           12%        N/A       11%         1
 Stone Arrow              Conj/Erth      28%        3d8       13%         3
 Call Imp                 Summ           6%         N/A       24%         2
 Cigotuvi's Dreadful Rot  Necr/Pois/Air  6%         N/A       24%         2
 Ensorcelled Hibernation  Hex/Ice        6%         N/A       24%         2
 Mephitic Cloud           Conj/Pois/Air  4%         N/A       36%         3
 Ignite Poison            Fire/Tmut/Pois 4%         N/A       38%         3
 Petrify                  Tmut/Erth      13%        N/A       41%         4
 Freezing Cloud           Conj/Ice/Air   2%         6-21      98%         5
 Polar Vortex             Ice            1%         N/A       100%        9


Dungeon Overview and Level Annotations

Branches:
Dungeon (5/15)
 Temple: D:4-7

Altars:
Kikubaaqudgha

Annotations:
D:2 Sigmund


Innate Abilities, Weirdness & Mutations

Your plain brown scales are hard. (AC +6)
You cannot fit into any form of body armour.
You are cold-blooded and may be slowed by cold attacks.


Message History

Found a robe.
Found 4 gold pieces.
You now have 208 gold pieces (gained 21).
You now have 212 gold pieces (gained 4).
Found a stone staircase leading down.
Found a stone staircase leading down.
A steam dragon comes into view.
Found an escape hatch in the floor and an escape hatch in the ceiling.
The steam dragon hisses angrily.
The steam dragon breathes steam at you. The ball of steam hits you!
The steam dragon breathes steam at you. The ball of steam hits you!!
You start resting.
A steam dragon is nearby!
Casting: Sandblast (safe; 1% risk of failure)
Confirm with . or Enter, or press ? or * to list all spells.
Aiming: Sandblast (safe; 1% risk of failure)
Press: ? - help, Shift-Dir - straight line, f - steam dragon
Aim: a steam dragon (steam, 83% to hit)
The blast of sand hits the steam dragon but does no damage.
You slash the steam dragon! You punch the steam dragon.
The steam dragon is moderately wounded.
The steam dragon breathes steam at you. The ball of steam hits you!
* * * LOW HITPOINT WARNING * * *
The steam dragon closely misses you.
The steam dragon claws you but does no damage.
Really quaff the potion of lignification? [Y]es or [N]o only, please.
Really quaff the potion of lignification?
Really become a tree while standing in a cloud of steam?
Okay, then.
The steam dragon misses you. The steam dragon closely misses you.
The steam dragon attacks as you move away!
The steam dragon barely misses you. The steam dragon claws you.
* * * LOW HITPOINT WARNING * * *
The steam dragon breathes steam at you. The ball of steam hits you!!
You die...

#...§# #§...#
#..?D## #.....##
#...>.D###### ###.
######......###.....
######D§..[#
##§§#### ###§@§#
#..§#§# #.###.##
##.# #..##### ##..#
##.....# ##..##
#####.# #..##
#####.# ##
##.#######...#.# ...
#..###.....#...###.#


You could see a steam dragon (catching breath).

Vanquished Creatures
  An ogre (D:5)
  2 jellies (D:5)
  Natasha (thrice) (D:4)
  An iguana (D:4)
  An orc wizard (D:3)
  5 gnolls
  5 adders
  4 worms
  5 dart slugs
  9 orcs
  3 ball pythons
  19 endoplasms
  9 giant cockroaches
  5 goblins
  4 hobgoblins
  5 jackals (D:2)
  7 kobolds
  2 quokkas
  4 bats
  5 frilled lizards
  7 rats
106 creatures vanquished.

Notes
Turn   | Place    | Note
-------+----------+-------------------------------------------
     0 | D:1      | zlionsfan the Draconian Earth Elementalist began the quest
                  | for the Orb.
     0 | D:1      | Reached XP level 1. HP: 14/14 MP: 3/3
    69 | D:1      | Reached XP level 2. HP: 16/20 MP: 0/5
   120 | D:1      | Learned a level 2 spell: Passwall
   312 | D:1      | Reached XP level 3. HP: 24/26 MP: 2/6
   571 | D:1      | Got Keotwawk's Folio of the Frostbitten Figure
  1032 | D:2      | Noticed Sigmund
  1347 | D:2      | Reached skill level 4 in Earth Magic
  1348 | D:2      | Reached XP level 4. HP: 32/34 MP: 3/8
  1366 | D:2      | Learned a level 1 spell: Sting
  1819 | D:3      | Reached skill level 1 in Fighting
  2307 | D:3      | Reached XP level 5. HP: 26/40 MP: 7/9
  2321 | D:3      | Reached skill level 1 in Staves
  2696 | D:4      | Noticed Natasha
  2705 | D:4      | Killed Natasha
  2713 | D:4      | Noticed Natasha
  2717 | D:4      | Killed Natasha
  2842 | D:4      | HP: 1/61 [iguana (8)]
  2847 | D:4      | Reached XP level 6. HP: 2/48 MP: 1/11
  3090 | D:4      | Found an ancient bone altar of Kikubaaqudgha.
  3125 | D:4      | Noticed Natasha
  3133 | D:4      | Killed Natasha
  3492 | D:4      | Reached skill level 1 in Conjurations
  3542 | D:5      | Entered Level 5 of the Dungeon
  3770 | D:5      | Reached skill level 5 in Earth Magic
  3777 | D:5      | Reached skill level 1 in Axes
  3864 | D:5      | Noticed a steam dragon
  3880 | D:5      | Killed from afar by a steam dragon

Illustrated notes

Levels and vault maps discovered:
D:1:      matt_arrival_grand_opening, layout_rooms
D:2:      layout_basic, uniq_sigmund
D:3:      layout_basic
D:4:      layout_basic, lemuel_doored_altar, hangedman_decor_riveting,
          uniq_natasha
D:5:      layout_rooms, ebering_ghost_sewer_f

Skill      XL: |  1  2  3  4  5  6 |
---------------+-------------------+-----
Stealth        | 2 |  2.1
Earth Magic    | 4 5 |  5.0
Spellcasting   | 3 4 |  4.0
Fighting       | 1 2 |  2.6
Staves         | 1 |  1.5
Dodging        | 2 |  2.3
Conjurations   | 1 |  1.2
Axes           | 1 |  1.2
Short Blades   | |  0.1
Transmutations | |  1.0

Action                     |  1- 3 |  4- 6 || total
---------------------------+-------+-------++-------
  Melee: Unarmed           |     8 |       ||     8
         Whip              |    14 |       ||    14
         Tailslap          |     9 |     6 ||    15
         Short sword       |    13 |       ||    13
         Staff             |     1 |    30 ||    31
         Hand axe          |       |    16 ||    16
         Punch             |       |     1 ||     1
   Cast: Sandblast         |    56 |    94 ||   150
         Sting             |       |     8 ||     8
    Use: Scroll            |     1 |     2 ||     3
         Potion            |       |     2 ||     2
   Stab: Sleeping          |     2 |       ||     2
 Armour: Skin              |    22 |    33 ||    55
  Dodge: Dodged            |    53 |    65 ||   118
